AoeStats
← saioa08

Black Forest

510129650Analyzed
4v4 RM · 2d ago on Sep 29, 2026· 63m 13s· 8 players
Game mode
Random Map
Map size
Large (8 player)
Population
200
Speed
Normal
Resources
Standard
Victory
Conquest
Starting age
Dark Age
Ending age
Imperial Age
RankedLock teamsTeams togetherTeam positionsShared explorationLock speedFull tech treeHidden civsTurbo modeCheats
Victory
Defeat
🇦🇷 Vikings · Argentina
656
+13
🇹🇷 Maya · Türkiye
651
+14
🇦🇺 Ethiopians · Australia
649
+14
🇹🇷 Franks · Türkiye
622
+15
🇧🇷 Hindustanis · Brazil
734
-19
🇮🇳 Persians · India
570
-13
🇮🇳 Burgundians · India
545
-12
🇬🇧 Saxons · United Kingdom
542
-12
Cortemilia
0:28 Loom
13:13 Feudal Age
14:06 Horse Collar
14:12 Double-Bit Axe
21:17 Castle Age
19:25 Gold Mining
19:31 Stone Mining
20:19 Forging
20:09 Scale Mail Armor
21:59 Heavy Plow
22:09 Bow Saw
23:17 Iron Casting
22:57 Chain Mail Armor
23:26 Chain Mail Armor
25:28 Stone Shaft Mining
27:09 Wheelbarrow
33:07 Imperial Age
30:53 Hand Cart
31:38 Caravan
32:08 Coinage
32:20 Coinage
33:28 Eagle Warrior
33:29 Pikeman
34:09 Squires
33:54 Arson
35:00 Banking
34:40 Guilds
36:42 Blast Furnace
36:12 Plate Mail Armor
37:10 Elite Plumed Archer
37:50 Hul'che Javelineers
38:13 Conscription
38:25 Holcans
38:48 Crop Rotation
39:53 Two-Man Saw
40:29 Hoardings
39:24 Sappers
39:34 Halberdier
40:13 Elite Eagle Warrior
45:12 Sappers
51:37 Onager
57:58 Padded Archer Armor
59:40 Fletching
4
0:28 Loom
13:36 Feudal Age
14:02 Double-Bit Axe
14:13 Stone Mining
15:09 Gold Mining
17:14 Fishing Lines
24:03 Castle Age
25:19 Bow Saw
26:11 Gold Shaft Mining
29:10 Gillnets
29:21 Gillnets
29:29 Gillnets
30:37 Caravan
31:17 Forging
31:14 Scale Barding Armor
33:24 Wheelbarrow
37:40 Imperial Age
35:53 Iron Casting
35:13 Treadmill Crane
35:54 Ballistics
36:34 Fortified Wall
37:24 Chain Barding Armor
37:04 Scale Mail Armor
38:29 Chivalry
38:50 Conscription
39:36 Chemistry
40:30 Plate Barding Armor
40:56 Blast Furnace
40:11 Chain Mail Armor
39:43 Pikeman
40:08 Gambesons
40:23 Squires
40:09 Arson
40:19 Halberdier
42:22 Block Printing
43:32 Cavalier
44:14 Husbandry
43:36 Light Cavalry
44:17 Paladin
小丁给你一电炮
1:18 Loom
16:30 Feudal Age
18:29 Double-Bit Axe
19:15 Stone Mining
19:18 Gold Mining
19:10 Horse Collar
22:42 Castle Age
21:26 Fishing Lines
25:25 Bow Saw
25:18 Heavy Plow
27:18 Gold Shaft Mining
31:34 Imperial Age
29:36 Caravan
31:14 Squires
31:00 Arson
31:48 Forging
31:41 Scale Mail Armor
32:20 Ballistics
31:46 Treadmill Crane
32:43 Conscription
33:36 Two-Man Saw
33:14 Crop Rotation
36:48 Iron Casting
36:28 Chain Mail Armor
36:04 Fletching
36:15 Padded Archer Armor
36:16 Crossbowman
38:09 Chemistry
37:27 Siege Engineers
37:31 Arbalester
38:17 Chieftains
40:55 Bodkin Arrow
41:18 Leather Archer Armor
43:46 Elite Varangian Guard
44:31 Bracer
45:02 Ring Archer Armor
45:35 Blast Furnace
Brown Sugar
0:29 Loom
16:54 Feudal Age
18:34 Double-Bit Axe
18:31 Horse Collar
18:38 Town Watch
21:24 Castle Age
20:58 Wheelbarrow
20:24 Stone Mining
20:42 Gold Mining
22:59 Heavy Plow
23:11 Bow Saw
24:50 Hand Cart
33:20 Gold Shaft Mining
33:49 Stone Shaft Mining
38:18 Imperial Age
36:03 Masonry
36:03 Fortified Wall
35:49 Murder Holes
35:46 Guard Tower
35:47 Fletching
38:13 Caravan
38:44 Coinage
39:23 Guilds
39:46 Architecture
39:21 Siege Engineers
40:17 Chemistry
39:38 Ballistics
40:31 Banking
39:54 Heavy Scorpion
41:14 Torsion Engines
41:34 Conscription
41:53 Keep
41:15 Bodkin Arrow
42:22 Two-Man Saw
42:20 Onager
42:21 Capped Ram
43:59 Bracer
43:24 Siege Ram
44:04 Siege Onager
50:53 Town Patrol
theblackdouglas9
12:21 Feudal Age
12:54 Loom
13:51 Wheelbarrow
14:15 Double-Bit Axe
14:14 Horse Collar
19:18 Castle Age
21:09 Hand Cart
29:00 Bow Saw
28:55 Heavy Plow
35:07 Imperial Age
32:45 Man-at-Arms
33:11 Gambesons
33:28 Squires
32:49 Pikeman
33:15 Arson
33:35 Long Swordsman
39:04 Two-Man Saw
37:50 Shield Wall
38:51 Conscription
38:49 Bloodlines
38:01 Light Cavalry
38:43 Husbandry
38:05 Cavalier
38:12 Two-Handed Swordsman
38:13 Elite Varangian Guard
38:47 Halberdier
39:43 Forging
39:34 Scale Mail Armor
39:42 Scale Barding Armor
40:00 Guilds
39:47 Champion
49:39 Elite Hearth Troop
saioa08
10:55 Feudal Age
18:36 Castle Age
29:53 Imperial Age
28:26 Wheelbarrow
28:56 Horse Collar
29:04 Double-Bit Axe
30:49 Town Watch
31:22 Hand Cart
31:35 Bow Saw
31:27 Heavy Plow
34:32 Heavy Cavalry Archer
35:38 Parthian Tactics
35:37 Elite War Elephant
36:53 Hoardings
40:56 Gold Mining
43:29 Two-Man Saw
47:14 Murder Holes
47:32 Masonry
47:13 Heated Shot
Yur1Janu4r10
21:13 Feudal Age
22:46 Double-Bit Axe
26:42 Castle Age
30:09 Bow Saw
36:45 Imperial Age
35:51 Town Watch
40:25 Chemistry
39:25 Gold Mining
40:39 Two-Man Saw
45:43 Elite Skirmisher
48:30 Onager
FlatLlama112580
1:28 Loom
17:17 Feudal Age
17:35 Double-Bit Axe
17:41 Horse Collar
21:08 Wheelbarrow
23:17 Castle Age
24:22 Stone Mining
24:23 Gold Mining
24:35 Heavy Plow
31:29 Imperial Age
29:20 Bow Saw
32:07 Stone Shaft Mining
32:11 Gold Shaft Mining
32:28 Town Watch
33:20 Wheelbarrow
35:28 Two-Man Saw
38:09 Hand Cart
38:50 Caravan
39:21 Coinage
39:07 Guilds
39:02 Town Patrol
39:41 Crop Rotation
39:14 Elite Coustillier
41:00 Scale Barding Armor
43:26 Chemistry
42:54 Murder Holes
45:16 Chain Barding Armor
52:04 Ballistics
Connection lost

Rejoining the realm…

Still unreachable

The connection could not be restored.

Session expired

The server has moved on; the page needs a fresh start.